 Dungeon Crawl Stone Soup version 0.18-a0-1343-g48c8f86 (webtiles) character file.

19450 M4edhros the Slinger (level 12, -1/68 HPs)
             Began as an Octopode Artificer on Feb 16, 2016.
             Was a High Priest of Fedhas.
             Killed from afar by an electric eel (11 damage)
             ... with a bolt of electricity
             ... on level 3 of the Lair of Beasts.
             The game lasted 00:34:02 (14332 turns).

M4edhros the Slinger (Octopode Artificer)          Turns: 14332, Time: 00:34:02

Health: -1/68      AC:  4    Str: 10    XL:     12   Next: 69%
Magic:  28/28      EV: 16    Int: 20    God:    Fedhas [*****.]
Gold:   635        SH: 12    Dex: 12    Spells: 0 memorised, 11 levels left

rFire  . . .     SeeInvis .     q - +2 hunting sling (velocity)
rCold  . . .     Gourm    .     l - +2 buckler
rNeg   + . .     Faith    .     (helmet restricted)
rPois  +         Spirit   .     M - +4 amulet of reflection
rElec  .         Dismiss  .     n - ring of poison resistance
rCorr  .         Reflect  +     u - ring of magical power
SustAt .         Harm     .     p - +3 ring of protection
MR     .....                    y - ring of positive energy
Stlth  ++++++....               A - ring of wizardry
                                (no ring)
                                (no ring)
                                (no ring)

@: not resistant to hostile enchantments, very stealthy
A: almost no armour, amphibious, 8 rings, constrict 8, camouflage 1, blurry
vision 1, sense surroundings 1, gelatinous body 1
a: Evolution, Sunlight, Growth, Reproduction, Rain, Renounce Religion


You were on level 3 of the Lair of Beasts.
You worshipped Fedhas.
Fedhas was extremely pleased with you.
You were near starving.

You visited 2 branches of the dungeon, and saw 15 of its levels.
You also visited: Sewer.

You collected 722 gold pieces.
You spent 87 gold pieces at shops.

Inventory:

Hand Weapons
 k - a +0 blowgun
 q - a +2 hunting sling of velocity (weapon)
 v - a +0 rapier of venom
 R - a +5 trident
Missiles
 m - 84 sling bullets
 r - 151 stones (quivered)
 z - 95 poisoned needles
Armour
 l - a +2 buckler (worn)
 B - a +0 large shield
Jewellery
 n - a ring of poison resistance (left tentacle)
 p - a +3 ring of protection (on tentacle)
 u - a ring of magical power (right tentacle)
 w - an uncursed amulet of the gourmand
 y - a ring of positive energy (on tentacle)
 A - a ring of wizardry (on tentacle)
 M - a +4 amulet of reflection (around mantle)
Wands
 a - a wand of teleportation (5/9)
 b - a wand of flame (13/48)
 c - a wand of enslavement (2/24)
 d - a wand of random effects (2/48)
 D - a wand of disintegration (4/24)
 I - a wand of lightning (4/15)
 L - a wand of slowing (3/48)
 P - a wand of acid (0/15)
 Q - a wand of random effects (35/48)
 T - a wand of polymorph (6/24)
Scrolls
 g - 2 scrolls of teleportation
 j - 3 scrolls of fog
 o - 3 scrolls of identify
 s - 8 scrolls of remove curse
 x - a scroll of fear
 C - 3 scrolls of noise
 E - 2 scrolls of enchant armour
Potions
 e - a potion of might
 i - a potion of haste
 F - 4 potions of curing
 G - 5 potions of heal wounds
 N - a potion of cure mutation
 S - a potion of brilliance
 U - 2 potions of magic
Comestibles
 f - 17 bread rations
 h - 11 fruits
 J - 11 royal jellies
 O - 3 beef jerkies


   Skills:
 - Level 1.0 Fighting
 - Level 1.0 Short Blades
 - Level 12.2 Slings
 + Level 8.8 Dodging
 - Level 9.0 Stealth
 + Level 8.8 Shields
 - Level 10.0 Invocations
 - Level 3.2 Evocations


You had 11 spell levels left.
You didn't know any spells.

Dungeon Overview and Level Annotations

Branches:
Dungeon (12/15)            Temple (0/1) D:5            Lair (3/8) D:11
    Orc (0/2) D:10
  Swamp: Lair:3-6    Shoals: Lair:3-6     Snake: Lair:3-6    Spider: Lair:3-6

Altars:
Ashenzari
Cheibriados
Elyvilon
Fedhas
Kikubaaqudgha
Pakellas
Qazlal
Ru
Xom
Yredelemnul
The Shining One

Shops:
D:5 *

Portals:
Trove: D:12 (show abyssal rune of Zot)

Annotations:
D:4 Azzok's ghost, amateur DDFi
Lair:1 Azzok's ghost, journeyman GrFi


Innate Abilities, Weirdness & Mutations

You cannot wear most types of armour.
You are amphibious.
You can wear up to eight rings at the same time.
You can use your tentacles to constrict eight enemies at once.
Your skin changes colour to match your surroundings (Stealth).
Your rubbery body absorbs attacks (AC +1).
Scrolls take you a little longer to read.
You passively map a small area around you.


Message History

Firing (i - inventory. (,) - cycle):
r - 152 stones (quivered)
Press: ? - help, Shift-Dir - straight line, f - iguana, p - wandering mushroom
Aim: an iguana (almost dead)
You shoot a stone. The stone closely misses the iguana.
The iguana bites your wandering mushroom.
Firing (i - inventory. (,) - cycle):
r - 151 stones (quivered)
Press: ? - help, Shift-Dir - straight line, f/p - iguana
Aim: an iguana (almost dead)
You shoot a stone.
The stone hits the iguana but does no damage.
The iguana is almost dead.
Your wandering mushroom releases spores at the iguana!
The iguana dies!
You offer a prayer to Fedhas.
Fedhas is extremely pleased with you.
r - 151 stones (gained 1)
The electric eel shoots out a bolt of lightning at you!
The bolt of electricity hits you!
You die...
Fedhas appreciates your contribution to the ecosystem.

#f(## .. * ,. ### ##...# *, ... #
####.####### #...## ≈≈≈≈ #
...........#####..##* .≈≈≈≈ ###
............##.#...##..≈≈≈≈ ...
.......................;≈≈≈ ...
...........##..........≈≈≈≈≈ ...
............##ff.......≈≈≈≈≈. ...
...........###..@(.###.......P...
...........P#......##............
............##...............# ..
............##...................
..>.........##................♣♣♣
...........###................♣
............##.####P..........♣ ≈
...........##### ####........♣ ≈
............# #........♣


You could see an electric eel and 2 friendly wandering mushrooms.

Vanquished Creatures
  Josephine (D:10)
  2 hydras
  Joseph (D:8)
  2 centaur skeletons
  A spiny frog (Lair:2)
  A queen bee (Lair:2)
  2 two-headed ogres
  Prince Ribbit (D:7)
  Grinder (D:3)
  A blink frog (Lair:2)
  2 vampires (D:12)
  Sigmund (D:3)
  A spriggan (D:8)
  4 wraiths (D:10)
  9 yaks
  A basilisk (D:12)
  4 hippogriffs
  A mottled dragon (D:11)
  2 wolves (Lair:2)
  3 vampire mosquitoes (D:12)
  3 water moccasins
  4 porcupines
  4 sky beasts
  A black bear (D:8)
  An ice beast (D:11)
  An orc warrior (D:7)
  3 centaurs
  An eye of draining (D:11)
  5 ogres
  4 crocodiles
  A big kobold (D:8)
  6 giant frogs
  A wyvern skeleton (D:6)
  2 scorpions
  12 killer bees
  3 wights
  2 crimson imps
  A giant frog skeleton (D:12)
  7 hounds
  A jelly (D:5)
  5 orc priests
  3 iguanas
  Ijyb (D:3)
  Natasha (thrice) (D:3)
  7 worker ants
  3 ogre skeletons (D:10)
  2 hound skeletons
  6 gnolls
  19 adders
  22 river rats
  3 shadow imps
  An ooze (D:1)
  7 adder skeletons
  4 worms
  A giant gecko (D:5)
  19 orcs
  4 bats
  4 giant cockroaches
  7 hobgoblins
  11 jackals
  A quokka (D:5)
  6 ball pythons
  A giant gecko skeleton (D:6)
  5 giant newts
  10 goblins
  2 goblin skeletons (D:10)
  A hobgoblin skeleton (D:10)
  A jackal skeleton (D:6)
  25 kobolds
  13 orc skeletons (D:10)
  2 orc zombies (D:10)
  A quokka skeleton (D:5)
  29 rats
  A giant spore (Lair:3)
334 creatures vanquished.

Vanquished Creatures (collateral kills)
  A catoblepas (Lair:3)
  A hydra (Lair:3)
  Erica (D:10)
  Urug (D:10)
  A hill giant (D:10)
  A griffon (Lair:3)
  3 black mambas
  A spiny frog (Lair:2)
  2 komodo dragons
  The ghost of M4edhros the Covert, a novice OpAr of Xom (D:5)
  A troll (D:10)
  A blink frog (Lair:1)
  2 orc warriors
  A wraith (D:10)
  7 yaks
  2 hungry ghosts (D:10)
  3 vampire mosquitoes (D:12)
  2 hippogriffs
  A hill giant skeleton (D:10)
  Menkaure (D:7)
  2 wolves (Lair:2)
  A porcupine (Lair:2)
  2 phantoms
  3 ogres
  A centaur (D:5)
  A crocodile (Lair:2)
  2 giant frogs
  14 killer bees (Lair:2)
  3 wights
  A troll skeleton (D:10)
  2 hounds
  An orc priest (D:10)
  2 iguanas
  An orc wizard (D:10)
  3 worker ants
  An ogre skeleton (D:10)
  3 gnolls (D:5)
  8 river rats
  An adder (Sewer)
  A worm (D:3)
  5 orcs
  A jackal (D:6)
  An orc skeleton (D:10)
  A giant spore (D:12)
95 creatures vanquished.

Vanquished Creatures (others)
  16 wandering mushrooms
  A yak (Lair:1)
  A necrophage (D:10)
  A killer bee (Lair:2)
  A centaur (D:9)
  A jelly (D:5)
  2 killer bee zombies
  2 worker ant zombies
  A giant cockroach zombie (D:5)
  3 fungi (Lair:2)
  283 toadstools
312 creatures vanquished.

Grand Total: 741 creatures vanquished

Notes
Turn   | Place    | Note
--------------------------------------------------------------
     0 | D:1      | M4edhros the Octopode Artificer began the quest for the Orb.
     0 | D:1      | Reached XP level 1. HP: 13/13 MP: 3/3
   174 | D:1      | Reached XP level 2. HP: 4/18 MP: 4/4
   798 | D:2      | Reached skill level 4 in Stealth
   798 | D:2      | Reached XP level 3. HP: 23/23 MP: 5/5
   996 | D:2      | Reached skill level 5 in Stealth
  1136 | D:2      | Reached XP level 4. HP: 23/28 MP: 6/6
  1151 | D:2      | Found a faded altar to an unknown god.
  1329 | D:3      | Noticed Natasha
  1336 | D:3      | Killed Natasha
  1336 | D:3      | Reached skill level 1 in Slings
  1336 | D:3      | Reached skill level 6 in Stealth
  1361 | D:3      | Noticed Ijyb
  1372 | D:3      | Killed Ijyb
  1372 | D:3      | Reached XP level 5. HP: 20/33 MP: 7/7
  1390 | D:3      | Noticed Grinder
  1526 | D:3      | Found a blossoming altar of Fedhas.
  1532 | D:3      | Became a worshipper of Fedhas Madash
  1735 | D:1      | You fall through a shaft!
  2074 | D:3      | Noticed Natasha
  2369 | D:3      | Killed Natasha
  2550 | D:3      | Reached skill level 7 in Stealth
  2723 | D:3      | Found a glowing golden altar of the Shining One.
  2726 | D:3      | Reached XP level 6. HP: 38/38 MP: 8/8
  2776 | D:3      | Noticed Natasha
  2783 | D:3      | Killed Natasha
  2886 | D:3      | Killed Grinder
  2886 | D:3      | Reached skill level 8 in Stealth
  2894 | D:3      | Noticed Sigmund
  2908 | D:3      | Killed Sigmund
  2908 | D:3      | Reached XP level 7. HP: 32/43 MP: 9/9
  3011 | D:4      | Reached skill level 9 in Stealth
  3086 | D:4      | Reached * piety under Fedhas
  3314 | D:4      | Noticed Azzok's ghost (amateur DDFi)
  3453 | D:4      | Found a stormy altar of Qazlal.
  3587 | D:4      | Reached skill level 5 in Slings
  3856 | D:5      | Entered Level 5 of the Dungeon
  3915 | D:5      | Reached skill level 1 in Invocations
  3924 | D:5      | Found a staircase to the Ecumenical Temple.
  3988 | D:5      | Reached XP level 8. HP: 42/48 MP: 10/10
  4007 | D:5      | Found an ancient bone altar of Kikubaaqudgha.
  4349 | D:5      | Found Qeihuyxe's Serpentskin Sales.
  4354 | D:5      | Bought a +0 blowgun for 30 gold pieces
  4354 | D:5      | Bought 12 poisoned needles for 57 gold pieces
  4541 | D:5      | Noticed M4edhros's ghost (novice OpAr)
  4589 | D:5      | Killed M4edhros's ghost
  4685 | D:5      | Reached skill level 5 in Invocations
  5167 | D:6      | Reached XP level 9. HP: 28/53 MP: 13/13
  5210 | D:6      | Found a glowing drain.
  5220 | Sewer    | Entered a sewer
  5389 | Sewer    | Reached ** piety under Fedhas
  5677 | Sewer    | Reached *** piety under Fedhas
  6097 | D:6      | Found a snail-covered altar of Cheibriados.
  6318 | D:6      | Found a sacrificial altar of Ru.
  6489 | D:7      | Noticed Prince Ribbit
  6540 | D:7      | Killed Prince Ribbit
  6632 | D:7      | Noticed Menkaure
  6650 | D:7      | Killed Menkaure
  7629 | D:8      | Gained mutation: You passively map a small area around you. [mutagenic meat]
  7630 | D:8      | Gained mutation: You are frail (-10% HP). [mutagenic meat]
  7631 | D:8      | Gained mutation: Scrolls take you a little longer to read. [mutagenic meat]
  7632 | D:8      | Lost mutation: You are frail (-10% HP). [mutagenic meat]
  7776 | D:8      | Found a shattered altar of Ashenzari.
  7819 | D:8      | Reached XP level 10. HP: 58/58 MP: 17/17
  7851 | D:8      | Found a shimmering altar of Xom.
  7881 | D:8      | Reached skill level 10 in Invocations
  7975 | D:8      | Noticed Joseph
  7986 | D:8      | Killed Joseph
  8421 | D:9      | Found an oddly glowing altar of Pakellas.
  8466 | D:9      | Found a white marble altar of Elyvilon.
  8650 | D:9      | Found a basalt altar of Yredelemnul.
  8690 | D:10     | Entered Level 10 of the Dungeon
  8696 | D:10     | Noticed Erica
  8707 | D:10     | Killed Erica
  8735 | D:10     | Reached skill level 10 in Slings
  8895 | D:10     | Reached **** piety under Fedhas
  9096 | D:10     | Noticed a hill giant
  9100 | D:10     | Killed a hill giant
  9100 | D:10     | Reached skill level 11 in Slings
  9170 | D:10     | Found a staircase to the Orcish Mines.
  9398 | D:10     | Noticed Josephine
  9410 | D:10     | Reached XP level 11. HP: 63/63 MP: 18/18
  9410 | D:10     | Killed Josephine
  9410 | D:10     | Reached skill level 12 in Slings
  9611 | D:10     | Noticed Urug
  9611 | D:10     | Reached skill level 1 in Shields
  9626 | D:10     | Killed Urug
 10002 | D:11     | Noticed a four-headed hydra
 10026 | D:11     | Killed a four-headed hydra
 10080 | D:11     | Found a staircase to the Lair.
 10283 | D:11     | Reached ***** piety under Fedhas
 10671 | D:12     | Reached skill level 5 in Dodging
 10757 | D:12     | Found a portal to a secret trove of treasure.
 10854 | D:12     | Reached skill level 5 in Shields
 11499 | Lair:1   | Entered Level 1 of the Lair of Beasts
 11505 | Lair:1   | Noticed Azzok's ghost (journeyman GrFi)
 11733 | Lair:2   | Noticed a four-headed hydra
 11746 | Lair:2   | Killed a four-headed hydra
 11746 | Lair:2   | Reached XP level 12. HP: 60/68 MP: 19/19
 12286 | Lair:2   | HP: 3/68 [killer bee (8)]
 14094 | Lair:3   | Noticed a catoblepas
 14111 | Lair:3   | Killed a catoblepas
 14298 | Lair:3   | Noticed a six-headed hydra
 14314 | Lair:3   | Killed a six-headed hydra
 14332 | Lair:3   | Killed from afar by an electric eel

Vault maps used:
D:1:      eino_arrival_water_cross
D:2:      serial_curves, eino_curves_03, eino_curves_02, eino_curves_02,
          ecumenical_altar_2
D:3:      fedhas_altar_4, lemuel_coloured_pillars_altar, uniq_sigmund,
          uniq_natasha, uniq_grinder, uniq_iyjb
D:4:      kennysheep_mini_moat, first_bread, kennysheep_boxes
D:5:      kiku_gazebo_pond_becter, temple_hall, guppyfry_shop_venom
D:6:      nicolae_ru_path_of_blood, portal_sewer_entry_e,
          cheibriados_altar_wand_db
D:7:      uniq_menkaure, uniq_prince_ribbit1
D:8:      lemuel_doored_altar, nicolae_overflow_hidden_temple, the_bakery,
          uniq_joseph
D:9:      kennysheep_ying_yang, kennysheep_mini
D:10:     zombieorc1_lemuel, uniq_urug, uniq_josephine, uniq_erica
D:11:     lair_0_dummy
D:12:     nicolae_trove_entry_crossroad
Lair:1:   enter_volcano_1, grunt_megastairs_3, uniq_sonja
Lair:2:   lemuel_fruit_tree, grunt_megastairs_1, serial_bayou_shore_a
Sewer:    sewer_minmay_treatment

Action                   |  1- 3 |  4- 6 |  7- 9 | 10-12 || total
-------------------------+-------+-------+-------+-------++-------
Melee: Short sword       |    49 |    96 |   122 |   108 ||   375
       Rapier            |       |       |   129 |       ||   129
       Trident           |       |       |       |   188 ||   188
 Fire: Hunting sling     |       |       |    59 |   490 ||   549
       Blowgun           |       |       |    21 |    33 ||    54
Invok: Evolution         |       |       |     7 |    16 ||    23
       Sunlight          |       |       |     1 |     9 ||    10
       Reproduction      |       |       |       |     2 ||     2
Evoke: Wand              |     1 |     4 |    11 |    42 ||    58
  Use: Potion            |       |     1 |     9 |     7 ||    17
       Scroll            |       |       |     2 |    11 ||    13
 Stab: Sleeping          |     6 |    13 |    43 |     9 ||    71
       Confused          |       |       |     1 |     3 ||     4
       Distracted        |       |       |     1 |       ||     1
  Eat: Chunk             |     1 |     1 |     5 |     1 ||     8
       Meat ration       |       |     1 |     2 |     3 ||     6
       Bread ration      |       |       |     1 |       ||     1
       Royal jelly       |       |       |       |     1 ||     1
       Pizza             |       |       |       |     1 ||     1
